Map: 엔디온 잔해

Players

iGMacSed (MacSed)

  • Race: Protoss Protoss
  • League: Grandmaster

llllllllllll (Scarlett) - Winner!

  • Race: Zerg Zerg
  • League: Grandmaster

VOD

Have the link to the VOD?

Description

Time

  • Played on: April 14, 2016, 5:10 a.m.
  • Length: 9:30
Show
View Real Time Build Order
Export as new Build Order

iGMacSed Protoss 

Build Orders: 1 Gate Expand 

Get SALT Encoding   

  12  0:01  Probe (Chrono Boost)  
  13  0:11  Probe (Chrono Boost)  
  14  0:19  Pylon  
  14  0:22  Probe (Chrono Boost)  
  15  0:37  Gateway, Probe (Chrono Boost)  
  16  0:47  Probe (Chrono Boost)  
  16  0:49  Assimilator  
  17  0:58  Probe (Chrono Boost)  
  18  1:09  Probe (Chrono Boost)  
  19  1:19  Nexus  
  19  1:23  Probe (Chrono Boost)  
  20  1:32  Cybernetics Core  
  20  1:35  Probe (Chrono Boost)  
  21  1:42  Assimilator  
  21  1:45  Probe (Chrono Boost)  
  22  1:51  Pylon  
  22  1:56  Probe (Chrono Boost)  
  23  2:04  Pylon  
  23  2:10  Mothership Core (Chrono Boost)  
  25  2:20  Stalker  
  27  2:26  Warp Gate  
  27  2:28  Probe (Chrono Boost)  
  29  2:38  Probe (Chrono Boost)  
  29  2:41  Cybernetics Core  
  29  2:42  Probe (Chrono Boost)  
  30  2:49  Probe (Chrono Boost)  
  30  2:53  Probe (Chrono Boost)  
  31  2:59  Probe (Chrono Boost)  
  31  3:03  Probe (Chrono Boost)  
  33  3:07  Sentry, Forge  
  33  3:10  Probe (Chrono Boost)  
  36  3:14  Probe (Chrono Boost)  
  36  3:19  Robotics Facility  
  37  3:21  Probe (Chrono Boost)  
  37  3:24  Probe (Chrono Boost)  
  39  3:27  Pylon  
  39  3:31  Probe (Chrono Boost)  
  40  3:35  Probe (Chrono Boost), Sentry  
  40  3:41  Protoss Ground Weapons Level 1 (Chrono Boost)  
  43  3:42  Probe (Chrono Boost)  
  43  3:45  Probe (Chrono Boost)  
  45  3:50  Gateway  
  45  3:55  Gateway  
  45  3:57  Gateway  
  45  3:59  Probe (Chrono Boost)  
  45  4:01  Probe (Chrono Boost)  
  47  4:05  Observer  
  48  4:10  Probe (Chrono Boost)  
  48  4:11  Probe  
  48  4:14  Assimilator x2  
  50  4:20  Pylon  
  50  4:22  Probe  
  50  4:23  Probe, Warp Prism  
  52  4:25  Pylon  
  54  4:38  Probe  
  55  4:39  Adept  
  55  4:42  Probe  
  55  4:45  Adept  
  60  4:50  Probe  
  61  5:00  Pylon x2  
  61  5:05  Probe  
  62  5:09  Pylon  
  62  5:10  Gateway  
  62  5:11  Observer, Gateway  
  62  5:17  Adept x3  
  62  5:18  Adept  
  71  5:37  Zealot  
  71  5:38  Zealot x2  
  73  5:50  Stalker  
  71  5:58  Stalker x3  
  73  6:08  Zealot, Sentry  
  75  6:14  Gateway  
  75  6:17  Gateway  
  71  6:23  Stalker x4  
  79  6:35  Pylon  
  79  6:37  Adept x2  
  83  6:44  Probe  
  83  6:45  Stalker x2  
  72  6:52  Photon Cannon, Warp Prism (Chrono Boost)  
  62  6:55  Protoss Ground Armor Level 1 (Chrono Boost)  
  56  7:07  Stalker x3  
  61  7:15  Stalker x3  
  63  7:44  Stalker x3  
  63  7:45  Stalker x4  
  63  7:47  Sentry  
  79  8:07  Sentry  
  79  8:08  Sentry x2  
  79  8:09  Adept x4  
  87  8:22  Stalker  
  80  8:29  Stalker x2  
  82  8:41  Sentry  
  84  8:42  Pylon  
  84  8:45  Sentry x2  
  88  8:56  Stalker  
  88  9:01  Stalker  
  92  9:02  Sentry  
  92  9:06  Stalker  
  82  9:22  Stalker x2  
Show
View Real Time Build Order
Export as new Build Order

llllllllllll Zerg - Winner!

Build Orders: Hatch First 

Get SALT Encoding   

  12  0:01  Drone  
  13  0:11  Drone  
  14  0:18  Overlord  
  14  0:26  Extractor, Drone  
  15  0:37  Drone x2  
  17  0:52  Hatchery  
  17  0:55  Drone  
  17  0:59  Drone  
  18  1:05  Extractor  
  17  1:14  Spawning Pool  
  17  1:17  Drone  
  17  1:20  Drone  
  18  1:32  Drone  
  20  1:40  Drone  
  20  1:58  Overlord  
  20  2:05  Metabolic Boost  
  20  2:06  Queen x2  
  24  2:09  Zergling x2  
  24  2:10  Zergling x2  
  26  2:17  Drone  
  26  2:18  Drone  
  28  2:32  Drone  
  28  2:33  Drone  
  30  2:37  Drone x2  
  32  2:46  Queen  
  32  2:47  Overlord  
  34  2:58  Overlord  
  34  3:00  Drone  
  34  3:01  Drone  
  36  3:07  Drone  
  37  3:14  Drone x2  
  37  3:17  Hatchery  
  37  3:19  Drone x3  
  41  3:22  Drone  
  41  3:23  Drone  
  43  3:30  Drone x2  
  43  3:33  Drone  
  46  3:37  Drone  
  47  3:43  Lair  
  47  3:45  Extractor x2  
  45  3:53  Overlord, Drone x3  
  48  3:56  Drone x4  
  48  4:00  Overlord  
  52  4:12  Overlord  
  52  4:14  Extractor  
  52  4:15  Drone  
  52  4:24  Drone x3  
  52  4:27  Hatchery, Queen  
  52  4:28  Drone  
  52  4:29  Drone  
  58  4:32  Drone  
  58  4:33  Drone  
  58  4:37  Drone  
  61  4:39  Evolution Chamber  
  61  4:44  Spire  
  59  4:49  Zergling x4  
  59  4:52  Overseer  
  61  4:55  Zergling x6  
  64  5:03  Drone x5  
  69  5:13  Zerg Melee Weapons Level 1  
  69  5:15  Drone x6  
  75  5:24  Zergling x2, Baneling Nest  
  75  5:25  Zergling x6  
  76  5:36  Zergling x12  
  72  5:56  Mutalisk x7  
  80  6:04  Zergling x2  
  80  6:05  Zergling x8  
  80  6:08  Mutalisk x2  
  86  6:14  Mutalisk  
  86  6:16  Zergling x6  
  86  6:20  Zergling x4  
  88  6:29  Mutalisk  
  82  6:41  Mutalisk  
  82  6:43  Drone x3  
  73  6:55  Overlord  
  73  6:58  Mutalisk  
  73  7:00  Drone x2  
  75  7:10  Drone x6  
  75  7:11  Overlord, Drone  
  82  7:16  Overlord  
  82  7:28  Drone  
  82  7:29  Queen, Drone x2  
  83  7:31  Queen  
  83  7:34  Mutalisk  
  83  7:36  Zergling x8  
  94  7:49  Mutalisk x2  
  94  7:51  Zergling x8  
  98  7:57  Overlord  
  98  7:58  Overlord x2  
  101  7:59  Overlord x2  
  101  8:03  Mutalisk  
  103  8:07  Queen  
  103  8:10  Zergling x8  
  109  8:13  Mutalisk  
  109  8:19  Mutalisk  
  113  8:22  Zergling x2  
  114  8:30  Mutalisk  
  114  8:31  Zergling x4  
  116  8:40  Zergling x16  
  124  8:46  Zergling x6  
  124  8:47  Zergling x2  
  127  8:51  Mutalisk x2  
  127  8:52  Overlord, Queen  
  133  8:57  Zergling x4  
  133  8:59  Mutalisk  
  137  9:06  Zergling x6  
  122  9:27  Hatchery  
Tags
 
Add a new tag
Caveats
  • Supply blocks, unpowered buildings, or Contaminate may cause inaccurate times.
  • Supply counts are checked every 10 seconds.